 Dungeon Crawl Stone Soup version 0.31-a0-198-g2ad674f65e (webtiles) character file.

Game seed: 973591361087769891

494 qw the Skirmisher (level 6, -1/35 HPs)
             Began as a Deep Elf Hunter on June 25, 2023.
             Slain by a gnoll bouda
             ... wielding a +0 whip
              (7 damage)
             ... on level 5 of the Dungeon.
             The game lasted 00:01:38 (4528 turns).

qw the Skirmisher (Deep Elf Hunter)                 Turns: 4528, Time: 00:01:39

Health: -1/35      AC:  4    Str: 13 (14) XL:     6   Next: 92%
Magic:  8/8        EV: 19    Int: 14      God:
Gold:   298        SH:  0    Dex: 22 (24) Spells: 5/5 levels left

rFire   . . .        Y - +1 shortbow (freeze)
rCold   + . .        (shield currently unavailable)
rNeg    + . .        b - +1 leather armour of Quantum Leap {rPois Str+4 Dex+3}
rPois   +            (no helmet)
rElec   .            (no cloak)
rCorr   +            (no gloves)
SInv    .            (no boots)
Will    .....        (no amulet)
Stlth   ++           l - ring "Cutz" {rC+ rCorr EV+5 Dex+3}
HPRegen 0.25/turn    o - ring of positive energy
MPRegen 0.11/turn

%: no passive effects
@: no status effects
A: no striking features
a: no special abilities


You were on level 5 of the Dungeon.
You visited 2 branches of the dungeon, and saw 7 of its levels.

You collected 298 gold pieces.


   Skills:
 - Level 2.0 Fighting
 + Level 9.9 Ranged Weapons
 - Level 4.5 Dodging
 - Level 1.2 Stealth


You had 5 spell levels left.
You didn't know any spells.
Your spell library was empty.

Inventory:

Hand Weapons
 Y - a +1 shortbow of freezing (weapon)
Armour
 b - the +1 leather armour of Quantum Leap (worn) {rPois Str+4 Dex+3}
   (You found it on level 2 of the Dungeon)

   Str:       It affects your strength (+4).
   Dex:       It affects your dexterity (+3).
   rPois:     It protects you from poison.
Jewellery
 c - a ring of poison resistance
 l - the ring "Cutz" (left hand) {rC+ rCorr EV+5 Dex+3}
   (You found it on level 4 of the Dungeon)

   [ring of evasion]

   EV:        It affects your evasion (+5).
   Dex:       It affects your dexterity (+3).
   rC:        It protects you from cold.
   rCorr:     It protects you from acid and corrosion.
 o - a ring of positive energy (right hand)
Scrolls
 j - a scroll of identify
Potions
 d - a potion of haste
 e - a potion of attraction {unknown}
 f - a potion of mutation {unknown}
 g - a potion of resistance {unknown}
 h - a potion of enlightenment
 i - a potion of curing

Dungeon Overview and Level Annotations

Branches:
Dungeon (6/15)             Temple (1/1) D:5

Altars:
Ashenzari
Cheibriados
Elyvilon
Hepliaklqana
Kikubaaqudgha
Makhleb
Nemelex Xobeh
Qazlal
Ru
Sif Muna
Uskayaw
Vehumet
Xom
Yredelemnul
Zin
The Shining One

Shops:
D:1 :   D:3 (

Annotations:
D:5 2 transporters


Message History

4520 ||| STAIRDANCE The gnoll hits you with a +0 whip.
The gnoll bouda hits you with a +0 whip.
You climb upwards.
Level annotation: 2 transporters
There is a stone staircase leading down, spattered with blood here.
You shoot an arrow. The arrow hits the gnoll bouda.
The arrow freezes the gnoll bouda.
The gnoll bouda is moderately wounded.
The gnoll hits you with a +0 whip.
The gnoll bouda gazes fiercely through you!
You feel as though you will be weak longer.
The gnoll bouda hits you with a +0 whip.
You shoot an arrow.
The arrow hits the gnoll bouda but does no damage.
The gnoll bouda is moderately wounded.
The gnoll completely misses you.
The gnoll bouda hits you with a +0 whip!
You shoot an arrow. The arrow hits the gnoll bouda.
The arrow freezes the gnoll bouda.
The gnoll bouda is severely wounded.
The gnoll misses you.
The gnoll bouda utters an invocation to its god.
The gnoll bouda is healed somewhat.
You shoot an arrow.
The arrow hits the gnoll bouda but does no damage.
The gnoll bouda is heavily wounded.
The gnoll misses you. The gnoll bouda barely misses you.
You shoot an arrow.
The arrow barely misses the gnoll bouda.
The gnoll barely misses you. The gnoll bouda misses you.
You shoot an arrow.
The arrow hits the gnoll bouda but does no damage.
The gnoll bouda is heavily wounded.
Your attacks no longer feel as feeble.
The gnoll hits you with a +0 whip.
You shoot an arrow.
The arrow barely misses the gnoll bouda.
The gnoll bouda hits you with a +0 whip!
You die...

##################
...............g@#
################g#######
....# #........!# ###.#
#.#.#####.# P8#.# #.#.#
#.# .P#.## #.#.#####.#
..#..## #.#.......#
/^#^..# #.#.#######
..#...# #.#.#


You could see a gnoll bouda and a gnoll (swift).

Vanquished Creatures
  A black bear (D:4)
  A scorpion (D:4)
  A jelly (D:5)
  An orc priest (D:3)
  An iguana (D:5)
  An orc wizard (D:3)
  5 gnolls
  8 adders
  A white imp (D:4)
  An ufetubus (D:5)
  A worm (D:3)
  3 dart slugs
  3 orcs (D:3)
  14 ball pythons
  6 endoplasms
  10 giant cockroaches
  7 goblins
  8 hobgoblins
  3 quokkas
  7 bats
  A frilled lizard (D:3)
  7 kobolds
  6 rats
97 creatures vanquished.

Notes
Turn   | Place    | Note
-------+----------+-------------------------------------------
     0 | D:1      | qw the Deep Elf Hunter began the quest for the Orb.
     0 | D:1      | Reached XP level 1. HP: 12/12 MP: 3/3
     0 | D:1      | 0 ||| qw: Version: 0.3-a-22-g0ed2b0b
     0 | D:1      | 0 ||| qw: Game counter: 5393
     0 | D:1      | 0 ||| qw: Melee chars always use a shield: true
     0 | D:1      | 0 ||| qw: God list: Okawaru
     0 | D:1      | 0 ||| qw: Allow faded altars: false
     0 | D:1      | 0 ||| qw: Do Orc after clearing Dungeon:15 true
     0 | D:1      | 0 ||| qw: Do second Lair branch before Depths: true
     0 | D:1      | 0 ||| qw: Lair rune preference: random
     0 | D:1      | 0 ||| qw: Goals: Normal
     0 | D:1      | 0 ||| PLANNING D:1-11
   121 | D:1      | Found Suexemeg's Book Emporium.
   148 | D:1      | Reached XP level 2. HP: 15/16 MP: 4/4
   246 | D:1      | Reached skill level 6 in Ranged Weapons
   344 | D:1      | 344 ||| Stepping ~*~*~tactically~*~*~ (water).
   346 | D:1      | 346 ||| Stepping ~*~*~tactically~*~*~ (water).
   348 | D:1      | 348 ||| Stepping ~*~*~tactically~*~*~ (water).
   350 | D:1      | 350 ||| Stepping ~*~*~tactically~*~*~ (water).
   772 | D:1      | 772 ||| UPGRADING to +0 ring mail.
   782 | D:1      | 782 ||| DROPPING +0 leather armour.
   783 | D:1      | 783 ||| READING scroll labelled ENIPOMP SOAF.
   784 | D:1      | 784 ||| READING scroll labelled PUIHASM JEOMAO.
   789 | D:1      | 789 ||| READING scroll labelled RAOH GYKUDE.
   790 | D:1      | 790 ||| READING scroll labelled MUSTRU NARIRO.
   791 | D:1      | 791 ||| DROPPING scroll of butterflies.
   899 | D:2      | Reached XP level 3. HP: 20/20 MP: 5/5
  1033 | D:2      | Identified the +1 leather armour of Quantum Leap {rPois
                  | Str+4 Dex+3}
  1046 | D:2      | Reached skill level 7 in Ranged Weapons
  1571 | D:2      | 1571 ||| UPGRADING to +1 leather armour of Quantum Leap
                  | {rPois Str+4 Dex+3}.
  1581 | D:2      | 1581 ||| DROPPING +0 ring mail.
  1582 | D:2      | 1582 ||| READING scroll labelled QICSUU RIREONO.
  1583 | D:2      | 1583 ||| READING 2 scrolls labelled BAKAIX BULASKYGH.
  1634 | D:3      | Reached XP level 4. HP: 24/25 MP: 6/6
  1698 | D:3      | Reached skill level 3 in Dodging
  1900 | D:3      | Reached skill level 8 in Ranged Weapons
  1906 | D:3      | Reached XP level 5. HP: 29/29 MP: 7/7
  2019 | D:3      | Found Ajyic's Antique Weapon Shoppe.
  2065 | D:3      | 2065 ||| FLEEEEING.
  2304 | D:3      | 2304 ||| READING scroll labelled YBESANUHY.
  2305 | D:3      | 2305 ||| DRINKING 2 fizzy brown potions.
  2306 | D:3      | 2306 ||| DRINKING 2 viscous amethyst potions.
  2307 | D:3      | 2307 ||| DROPPING potion of degeneration.
  2554 | D:4      | Identified the ring "Cutz" {rC+ rCorr EV+5 Dex+3}
  2609 | D:4      | Found a sacrificial altar of Ru.
  2621 | D:4      | Reached skill level 9 in Ranged Weapons
  2781 | D:4      | Reached XP level 6. HP: 35/35 MP: 8/8
  3087 | D:4      | 3087 ||| DROPPING ring of magical power.
  3088 | D:4      | 3088 ||| UPGRADING to ring "Cutz" {rC+ rCorr EV+5 Dex+3}.
  3089 | D:4      | 3089 ||| UPGRADING to ring of positive energy.
  3095 | D:4      | 3095 ||| READING scroll labelled TITAIME QEIMM.
  3199 | D:4      | 3199 ||| READING 3 scrolls labelled LIPPOM JETIRR.
  3200 | D:4      | 3200 ||| DRINKING 2 smoky clear potions.
  3216 | D:4      | 3216 ||| DRINKING 2 fuming brown potions.
  3217 | D:4      | 3217 ||| DRINKING 2 silvery potions.
  3230 | D:4      | 3230 ||| DROPPING potion of invisibility.
  3231 | D:4      | 3231 ||| DROPPING 2 scrolls of amnesia.
  3253 | D:5      | Entered Level 5 of the Dungeon
  3264 | D:5      | Found a staircase to the Ecumenical Temple.
  3265 | D:5      | 3265 ||| PLANNING TEMPLE
  3265 | D:5      | 3265 ||| FLEEEEING.
  3266 | D:5      | 3266 ||| FLEEEEING.
  3267 | D:5      | 3267 ||| FLEEEEING.
  3268 | D:5      | 3268 ||| FLEEEEING.
  3269 | D:5      | 3269 ||| STAIRDANCE
  3289 | D:5      | 3289 ||| STAIRDANCE
  3378 | D:5      | 3378 ||| FLEEEEING.
  3385 | D:5      | 3385 ||| STAIRDANCE
  3395 | D:5      | 3395 ||| FLEEEEING.
  3396 | D:5      | 3396 ||| FLEEEEING.
  3397 | D:5      | 3397 ||| STAIRDANCE
  3448 | D:5      | 3448 ||| STAIRDANCE
  3452 | D:5      | 3452 ||| STAIRDANCE
  3468 | D:5      | 3468 ||| STAIRDANCE
  3495 | D:5      | 3495 ||| FLEEEEING.
  3497 | D:5      | 3497 ||| STAIRDANCE
  3535 | D:5      | 3535 ||| STAIRDANCE
  3544 | D:5      | 3544 ||| FLEEEEING.
  3545 | D:5      | 3545 ||| FLEEEEING.
  3546 | D:5      | 3546 ||| FLEEEEING.
  3547 | D:5      | 3547 ||| FLEEEEING.
  3548 | D:5      | 3548 ||| FLEEEEING.
  3549 | D:5      | 3549 ||| STAIRDANCE
  3603 | D:5      | 3603 ||| STAIRDANCE
  3608 | D:4      | HP: 7/35 [black bear (2)]
  3609 | D:4      | 3609 ||| READING scroll of teleportation.
  3610 | D:4      | 3610 ||| DRINKING potion of heal wounds.
  3722 | Temple   | Entered the Ecumenical Temple
  3900 | Temple   | 3900 ||| PLANNING D:1-11
  3928 | D:5      | Found a transporter.
  3960 | D:5      | Found a transporter.
  4136 | D:5      | Found a shimmering blue altar of Sif Muna.
  4452 | D:5      | 4452 ||| DRINKING 2 grey potions.
  4453 | D:5      | 4453 ||| READING 2 scrolls of identify.
  4453 | D:5      | 4453 ||| IDENTIFYING fuming silvery potion
  4454 | D:5      | 4454 ||| DROPPING potion of brilliance.
  4467 | D:6      | 4467 ||| STAIRDANCE
  4520 | D:6      | 4520 ||| STAIRDANCE
  4527 | D:5      | HP: 6/35 [gnoll/+0 whip[a gnoll bouda] (4)]
  4528 | D:5      | Slain by a gnoll bouda

Levels and vault maps discovered:
D:1:      spicycebolla_green_bress_n_ham_2, layout_basic, serial_shops, shop,
          minmay_misc_feat_chi, minmay_misc_feat_square
D:2:      layout_basic, minmay_tromino_v4_c
D:3:      layout_loops_cross, serial_shops, nicolae_shop_back_alley_shop,
          minmay_shallow_snake_nest
D:4:      layout_basic, mainiacjoe_overflow_boulevard, serial_rivers,
          chequers_serial_rivers_room_b, chequers_serial_rivers_small_3,
          chequers_serial_rivers_micro_a, chequers_serial_rivers_room_a,
          chequers_serial_rivers_micro_c, kennysheep_opposing_triangles
D:5:      gammafunk_wand_slinger, layout_basic, mainiacjoe_overflow_alcove_2,
          temple_fountains
D:6:      layout_rooms, nicolae_gozag_seed_capital
Temple:   eino_temple_water

Skill      XL: |  1  2  3  4  5  6 |
---------------+-------------------+-----
Ranged Weapons | 6 7 8 9 |  9.9
Dodging        | 3 4 |  4.5
Fighting       | 2 |  2.0
Stealth        | |  1.2

Action                     |  1- 3 |  4- 6 || total
---------------------------+-------+-------++-------
   Fire: Shortbow          |   104 |   157 ||   261
    Use: Scroll            |     6 |     5 ||    11
         Potion            |       |     7 ||     7
 Armour: Leather armour    |    13 |     7 ||    20
         Ring mail         |     2 |       ||     2
  Dodge: Dodged            |    23 |    50 ||    73

Table legend:
 A = Non-vault XP
 B = Vault XP
 C = Vault XP percentage of total XP
 D = Non-vault monster count
 E = Vault monster count
 F = Vault count percentage of total count
                 A         B        C        D         E       F
            +---------+---------+-------+---------+---------+-------
      Total |     666 |      41 |   5.8 |      86 |      11 |  11.3
            +---------+---------+-------+---------+---------+-------
        D:1 |      39 |       0 |   0.0 |      24 |       0 |   0.0
        D:2 |      35 |       3 |   7.9 |      13 |       2 |  13.3
        D:3 |     143 |      20 |  12.3 |      24 |       5 |  17.2
        D:4 |     300 |      18 |   5.7 |      17 |       4 |  19.0
        D:5 |     134 |       0 |   0.0 |       7 |       0 |   0.0
        D:6 |      15 |       0 |   0.0 |       1 |       0 |   0.0
            +---------+---------+-------+---------+---------+-------
